 Dungeon Crawl Stone Soup version 0.22.1-2-g9c5b331383 (webtiles) character file.

113 PentaManta the Sneak (level 4, -4/22 HPs)
             Began as a Spriggan Assassin on Nov 23, 2018.
             Splashed by a jelly's acid (10 damage)
             ... on level 3 of the Dungeon.
             The game lasted 00:12:52 (3281 turns).

PentaManta the Sneak (Spriggan Assassin)            Turns: 3281, Time: 00:12:53

Health: -4/22      AC:  0    Str:  7    XL:     4   Next: 65%
Magic:  5/5        EV: 21    Int: 12    God:
Gold:   132        SH:  0    Dex: 18    Spells: 3/3 levels left

rFire    . . .     SeeInvis +   a - +2 dagger
rCold    . . .     Gourm    .   (shield restricted)
rNeg     . . .     Faith    .   c - +0 robe
rPois    .         Spirit   .   t - +1 hat
rElec    .         Reflect  .   d - +0 cloak
rCorr    .         Harm     .   (gloves unavailable)
MR       .....                  (boots unavailable)
Stlth    ++++......             (no amulet)
HPRegen  0.07/turn              (no ring)
MPRegen  0.09/turn              (no ring)

@: corroded, very quick
A: very small, unfitting armour, see invisible, herbivore, speed 3, slow
metabolism 2
a: no special abilities


You were on level 3 of the Dungeon.
You were not hungry.

You visited 1 branch of the dungeon, and saw 4 of its levels.

You collected 132 gold pieces.

Inventory:

Hand Weapons
 a - a +2 dagger (weapon)
 b - a +0 blowgun
Missiles
 e - 7 poisoned needles
 f - 2 curare-tipped needles
Armour
 c - a +0 robe (worn)
 d - a +0 cloak (worn)
 t - a +1 hat (worn)
Wands
 i - a wand of polymorph (20)
Scrolls
 h - 2 scrolls of identify {unknown}
 l - a scroll of enchant armour {unknown}
 n - 2 scrolls of random uselessness {unknown}
 o - a scroll of amnesia {unknown}
 r - a scroll of fear {unknown}
 s - a scroll of immolation {unknown}
Potions
 j - a potion of degeneration {unknown}
 k - a potion of might {unknown}
 m - a potion of mutation {unknown}
 p - a potion of heal wounds
 q - a potion of curing {unknown}
Comestibles
 g - 4 rations


   Skills:
 - Level 1.5 Fighting
 - Level 2.1 Short Blades
 - Level 2.0 Throwing
 * Level 5.4 Dodging
 + Level 7.2 Stealth


You had 3 spell levels left.
You didn't know any spells.
Your spell library was empty.

Dungeon Overview and Level Annotations

Branches:
Dungeon (4/15)
 Temple: D:4-7

Altars:


Innate Abilities, Weirdness & Mutations

You are very small and have problems with some larger weapons.
You are too small for most types of armour.
You have supernaturally acute eyesight. (SInv)
You are a herbivore.
You cover ground extremely quickly.
You need to consume almost no food.


Message History

The jelly misses you. The jelly closely misses you.
You climb upwards.
There is a stone staircase leading down here.
You hit the jelly.
Your hands burn!
The jelly is lightly wounded.
The jelly closely misses you.
You hit the jelly.
Your hands burn!
The jelly is moderately wounded.
The jelly hits you but does no damage.
You hit the jelly. The acid corrodes you!
Your hands burn!
The jelly is heavily wounded.
The jelly jiggles.
The jelly completely misses you.
You hit the jelly but do no damage.
Your hands burn!
The jelly is heavily wounded.
The jelly hits you.
* * * LOW HITPOINT WARNING * * *
You are splashed with acid!
The acid burns!
You die...

..# #.# #.# ######## #.#
#......# #.#
.#######...)..####.######
.......(@.(.(............
####..J(...####...####.#
#.......# #...####.#
#.......# #.........
#.......# #.........
#.......# #.........
#.......#######......
#............##......
#............(.......


You could see a jelly.

Vanquished Creatures
  A hound skeleton (D:3)
  4 adders (D:2)
  A worm (D:2)
  3 dart slugs
  3 leopard geckos
  2 giant cockroaches
  7 goblins
  8 hobgoblins
  4 jackals (D:2)
  5 kobolds
  3 bats
  7 frilled lizards
  3 rats
51 creatures vanquished.

Notes
Turn   | Place    | Note
-------+----------+-------------------------------------------
     0 | D:1      | PentaManta the Spriggan Assassin began the quest for the
                  | Orb.
     0 | D:1      | Reached XP level 1. HP: 10/10 MP: 2/2
    21 | D:1      | Reached skill level 6 in Stealth
   276 | D:1      | Reached XP level 2. HP: 11/14 MP: 3/3
  1375 | D:2      | Reached XP level 3. HP: 18/18 MP: 4/4
  1899 | D:2      | Reached XP level 4. HP: 18/22 MP: 5/5
  1954 | D:2      | Reached skill level 7 in Stealth
  2035 | D:2      | Reached skill level 5 in Dodging
  3281 | D:3      | Splashed by a jelly's acid

Skill      XL: |  1  2  3  4 |
---------------+-------------+-----
Dodging        | 2 3 4 5 |  5.4
Stealth        | 6 7 |  7.2
Fighting       | |  1.5
Short Blades   | |  2.1
Throwing       | |  2.0

Action                   |  1- 3 |  4- 6 || total
-------------------------+-------+-------++-------
Melee: Dagger            |   101 |   126 ||   227
 Fire: Blowgun           |     7 |       ||     7
 Stab: Sleeping          |     9 |     5 ||    14
Armor: Robe              |     8 |    19 ||    27
Dodge: Dodged            |    61 |   120 ||   181
